 Dungeon Crawl Stone Soup version 0.31.0-2-g5a2aebc5c2 (console) character file.

Game seed: 4372421309181881945

3857 jejorda2 the Mimic (level 9, -6/127 HPs)
             Began as a Pale Draconian Berserker on Jan 20, 2024.
             Was a Priest of Trog.
             Mangled by a gnoll sergeant
             ... wielding a +0 halberd
              (13 damage)
             ... in a bailey.
             The game lasted 00:17:29 (6884 turns).

jejorda2 the Mimic (Pale Draconian Berserker)       Turns: 6884, Time: 00:17:29

Health: -6/127     AC:  9    Str: 29    XL:     9   Next: 99%
Magic:  9/9        EV: 10    Int:  8    God:    Trog [***...]
Gold:   202        SH:  0    Dex: 10    Spells: 8/8 levels left

rFire   . .          .
                       - Unarmed
rCold   + . .        (shield currently unavailable)
rNeg    . . .        (body armour unavailable)
rPois   +            (helmet currently unavailable)
rElec   .            (cloak currently unavailable)
rCorr   .            (gloves currently unavailable)
SInv    .            (boots currently unavailable)
Will    ++...        (no amulet) Stlth
                     i - ring of protection from cold
HPRegen 1.41/turn    (no ring)
MPRegen 0.11/turn

%: no passive effects
@: berserking (expiring), snake-form, weakened, strong-willed, regenerating,
very quick
A: constrict, boosted hp, (breathe steam), AC +7, large, unfitting armour,
(cold-blooded), (steam resistance)
a: Begin Untransformation, Renounce Religion, Berserk, Trog's Hand


You were in a bailey.
You worshipped Trog.
Trog was most pleased with you.
You were an enormous serpent.
You visited 1 branch of the dungeon, and saw 7 of its levels.
You also visited: Bailey.

You collected 437 gold pieces.
You spent 235 gold pieces at shops.

Inventory:

Hand Weapons
 b - a +2 heavy sling
 j - a +1 broad axe
Missiles
 a - 4 throwing nets (quivered)
 c - 43 stones
 q - 6 javelins
 E - a boomerang
Armour
 H - a +2 cloak of preservation
Jewellery
 i - a ring of protection from cold (left hand)
Talismans
 o - a serpent talisman (active)
 z - a beast talisman
Wands
 t - a wand of charming (11)
 B - a wand of flame (12)
Scrolls
 e - 3 scrolls of enchant armour
 g - a scroll of poison
 h - 2 scrolls of blinking
 w - 2 scrolls of revelation
 C - a scroll of silence
Potions
 d - a potion of magic
 f - a potion of invisibility
 k - 4 potions of curing
 m - 2 potions of lignification
 r - 6 potions of degeneration
 u - a potion of heal wounds
 v - 3 potions of berserk rage
 x - a potion of ambrosia
 A - a potion of enlightenment
 F - a potion of brilliance


   Skills:
 - Level 4.0 Fighting
 - Level 2.6 Dodging
 + Level 9.1 Unarmed Combat
 * Level 10.4 Shapeshifting


You had 8 spell levels left.
You didn't know any spells.
Your spell library was empty.

Dungeon Overview and Level Annotations

Branches:
Dungeon (7/15)             Temple (0/1) D:5          Bailey (1/1)

Altars:
Ashenzari
Kikubaaqudgha
Nemelex Xobeh
Ru
Sif Muna

Shops:
D:2 [   D:6 ?   D:7 *

Annotations:
D:7 Jeremiah


Innate Abilities, Weirdness & Mutations

You are an enormous serpent.
You have a powerful constriction melee attack.
Your maximum health is increased.
Your armour is entirely melded.
You are incapable of wielding weapons or throwing items.
((You can breathe blasts of scalding, opaque steam.))
((Your pale cyan-grey scales are hard. (AC +7)))
You cannot fit into any form of body armour.
((You are cold-blooded and may be slowed by cold attacks.))
((You are immune to the effects of steam.))


Message History

You are too injured to fight recklessly!
Unknown command.
You release your grip on the gnoll sergeant.
Your attacks no longer feel as feeble.
The gnoll sergeant hits you but does no damage.
The gnoll bouda barely misses you.
The gnoll bouda gazes fiercely through you!
You feel your attacks grow feeble.
The gnoll bouda hits you but does no damage.
The gnoll sergeant barely misses you. x2
You hit the gnoll sergeant. You grab the gnoll sergeant.
The gnoll sergeant is lightly wounded.
You constrict the gnoll sergeant.
The gnoll sergeant hits you with a +0 halberd!
The gnoll bouda hits you from afar with a +0 halberd.
* * * LOW HITPOINT WARNING * * *
You barely miss the gnoll sergeant. You constrict the gnoll sergeant.
The gnoll bouda closely misses you.
The gnoll sergeant hits you with a +0 glaive.
* * * LOW HITPOINT WARNING * * *
The gnoll sergeant closely misses you.
You lash the gnoll sergeant!
The gnoll sergeant is almost dead.
You constrict the gnoll sergeant.
The gnoll sergeant hits you with a +0 halberd.
* * * LOW HITPOINT WARNING * * *
The gnoll bouda closely misses you.
You lash the gnoll sergeant!
The gnoll sergeant is heavily wounded.
You constrict the gnoll sergeant, but do no damage.
The gnoll bouda closely misses you.
The gnoll sergeant hits you with a +0 glaive!
* * * LOW HITPOINT WARNING * * *
The gnoll sergeant hits you with a +0 glaive!
* * * LOW HITPOINT WARNING * * *
You barely miss the gnoll sergeant.
The gnoll sergeant is almost dead.
You constrict the gnoll sergeant, but do no damage.
The gnoll sergeant hits you with a +0 halberd!
You die...

♣≈..#....##...## .'.#..≈..♣♣
♣≈..##)###.....######..≈...♣
♣≈....).#.......#...'.......
♣≈....).)...8...')..'......)
♣≈....).#.......#...'.......
♣≈..##'###.....######..≈...♣
♣≈..#....##...## + #..≈...♣
♣≈..#.....#####...# #..≈...♣
♣≈..#.....†Sgg....# #..≈..♣♣
♣≈..##....gg#g....# #..≈.♣♣
♣≈...##.8...# ..8.###..≈.♣
♣≈≈...#############...≈≈♣♣
♣♣≈≈≈≈≈≈≈≈≈≈≈≈≈≈≈≈≈≈≈≈≈♣♣
♣♣♣♣♣♣♣♣♣♣♣♣♣♣♣♣♣♣♣♣♣♣♣


You could see 3 gnoll sergeants and 2 gnoll boudas.

Vanquished Creatures
  Sigmund (D:5)
  6 yaks (D:6)
  A water moccasin (D:6)
  An ice beast (D:6)
  2 black bears
  An ogre (D:5)
  A centaur (D:6)
  4 wolves (Bailey)
  A kobold brigand (D:6)
  4 phantoms
  4 bullfrogs
  4 scorpions
  4 gnoll sergeants (Bailey)
  An electric eel (D:6)
  3 hounds
  3 jellies
  Crazy Yiuf (D:6)
  3 gnoll boudas (Bailey)
  4 iguanas
  2 orc wizards (D:6)
  Natasha (thrice) (D:3)
  9 adders
  17 gnolls
  2 ufetubi (D:6)
  5 orcs
  4 endoplasms
  3 giant cockroaches (D:3)
  4 hobgoblins
  A jackal (D:3)
  3 quokkas
  4 ball pythons
  4 bats
  4 frilled lizards
  4 goblins
  13 kobolds
  11 rats
142 creatures vanquished.

Notes
Turn   | Place    | Note
-------+----------+-------------------------------------------
     0 | D:1      | jejorda2 the Draconian Berserker began the quest for the
                  | Orb.
     0 | D:1      | Reached XP level 1. HP: 19/19 MP: 1/1
   149 | D:1      | Reached XP level 2. HP: 11/26 MP: 2/2
   647 | D:1      | Reached skill level 1 in Shapeshifting
   879 | D:2      | Reached XP level 3. HP: 29/33 MP: 3/3
   905 | D:2      | Found a faded altar of an unknown god.
  1210 | D:2      | Reached ** piety under Trog
  1316 | D:2      | Found Mauseod's Antique Armour Shoppe.
  1526 | D:3      | Noticed Natasha
  1540 | D:3      | Killed Natasha
  1541 | D:3      | Reached XP level 4. HP: 37/40 MP: 4/4
  1772 | D:3      | Found a broken altar of Ashenzari.
  1864 | D:3      | Identified the +4 long sword of Greatest Utility {freeze,
                  | rN+ MP+9}
  1932 | D:3      | Noticed Natasha
  1942 | D:3      | Killed Natasha
  1943 | D:3      | Reached skill level 2 in Shapeshifting
  2045 | D:3      | Reached XP level 5. HP: 42/46 MP: 5/5
  2109 | D:3      | Noticed a black bear
  2115 | D:3      | Killed a black bear
  2116 | D:3      | Reached skill level 3 in Shapeshifting
  2396 | D:3      | Noticed Natasha
  2405 | D:3      | Killed Natasha
  3076 | D:4      | Reached XP level 6. HP: 52/52 MP: 6/6
  3137 | D:4      | Reached skill level 5 in Unarmed Combat
  3467 | D:5      | Entered Level 5 of the Dungeon
  3478 | D:5      | Reached skill level 4 in Shapeshifting
  3606 | D:4      | Your scales start taking on a pale cyan-grey colour.
  3606 | D:4      | Reached XP level 7. HP: 45/59 MP: 7/7
  3606 | D:4      | Gained mutation: You are immune to the effects of steam.
                  | [Pale Draconian growth]
  3749 | D:5      | Reached skill level 5 in Shapeshifting
  3775 | D:5      | Found a sacrificial altar of Ru.
  3778 | D:5      | Found an ancient bone altar of Kikubaaqudgha.
  3783 | D:5      | Found a sparkling altar of Nemelex Xobeh.
  3972 | D:5      | Found a staircase to the Ecumenical Temple.
  4046 | D:5      | Noticed Sigmund
  4055 | D:5      | Killed Sigmund
  4056 | D:5      | Reached skill level 6 in Shapeshifting
  4201 | D:5      | Reached XP level 8. HP: 66/66 MP: 8/8
  4361 | D:2      | Bought a cloak for 112 gold pieces
  4480 | D:6      | Reached skill level 7 in Shapeshifting
  4587 | D:6      | Reached skill level 8 in Shapeshifting
  4591 | D:6      | Reached XP level 9. HP: 60/71 MP: 9/9
  4631 | D:6      | Reached *** piety under Trog
  4782 | D:6      | Found Akash's Magic Scroll Emporium.
  4934 | D:6      | Reached skill level 9 in Shapeshifting
  5244 | D:6      | Bought a scroll of revelation for 97 gold pieces
  5244 | D:6      | Bought a scroll of identify for 26 gold pieces
  5334 | D:6      | Found a shimmering blue altar of Sif Muna.
  6023 | D:6      | Found a runed translucent door.
  6024 | D:6      | Noticed Crazy Yiuf
  6031 | D:6      | Killed Crazy Yiuf
  6183 | D:7      | Noticed Jeremiah
  6184 | D:7      | Found Umokkid's General Store.
  6214 | D:7      | Found a flagged portal.
  6268 | Bailey   | Entered a bailey
  6371 | Bailey   | Reached skill level 10 in Shapeshifting
  6883 | Bailey   | HP: 6/127 [gnoll sergeant/+0 glaive (11)]
  6884 | Bailey   | Mangled by a gnoll sergeant

Illustrated notes

Levels and vault maps discovered:
D:1:      co_arrival_random_square_maze, layout_loops_ring
D:2:      layout_basic, dreamdust_ecumenical_altar_grove, serial_shops,
          nicolae_shop_back_alley_shop
D:3:      minmay_evil_eye, layout_basic, lemuel_round_altar, uniq_natasha
D:4:      layout_basic
D:5:      layout_rooms, gammafunk_temple_overflow_forgotten,
          minmay_temple_entry_stoned_glass, nicolae_elevator_lobby_plus,
          uniq_sigmund
D:6:      layout_cave_pods, old_standard_altar, nicolae_inconvenience_store,
          kennysheep_cross_room, minmay_misc_feat_enclosed,
          amcnicky_mini_corridor_feature, uniq_crazy_yiuf_cottage
D:7:      layout_gridville, enter_bailey_7, serial_shops, nicolae_square_shop,
          uniq_menkaure, uniq_jeremiah, uniq_duvessa, uniq_maggie
Bailey:   bailey_polearm_gnolls_kennysheep, bailey

Skill      XL: |  1  2  3  4  5  6  7  8  9 |
---------------+----------------------------+-----
Shapeshifting  | 1 2 3 4 6 8 10 | 10.4
Unarmed Combat | 4 5 6 7 9 |  9.1
Fighting       | 4 |  4.0
Dodging        | |  2.6

Action                     |  1- 3 |  4- 6 |  7- 9 || total
---------------------------+-------+-------+-------++-------
  Melee: Unarmed           |   110 |   113 |   223 ||   446
         Tailslap          |    11 |     9 |    28 ||    48
         Punch             |     1 |     1 |     8 ||    10
         Constrict         |       |       |    17 ||    17
   Fire: Sling             |       |    11 |       ||    11
 Invoke: Berserk           |     2 |     2 |     6 ||    10
         Trog's Hand       |       |       |     2 ||     2
Ability: Breathe Steam     |       |       |    10 ||    10
         Begin Untransform |       |       |     1 ||     1
    Use: Scroll            |       |       |    21 ||    21
   Stab: Sleeping          |     2 |     1 |       ||     3
 Armour: Skin              |    74 |    58 |   184 ||   316
  Dodge: Dodged            |    68 |    74 |   133 ||   275
   Form: Beast             |       |       |     1 ||     1
         Serpent           |       |       |     1 ||     1
